 Dungeon Crawl Stone Soup version 0.18-a0-846-g91b95b1 (webtiles) character file.

97 4thArraOfDagon the Chopper (level 4, -6/35 HPs)
             Began as a Demonspawn Berserker on Dec 20, 2015.
             Was a Follower of Trog.
             Mangled by a gnoll
             ... wielding a +0 spear
              (7 damage)
             ... on level 3 of the Dungeon.
             The game lasted 00:01:13 (172 turns).

4thArraOfDagon the Chopper (Demonspawn Berserker)    Turns: 172, Time: 00:01:13

Health: -6/35      AC: 10    Str: 17    XL:     4   Next: 42%
Magic:  4/4        EV:  7    Int: 10    God:    Trog [*.....]
Gold:   0          SH:  0    Dex: 12    Spells: 0 memorised, 3 levels left

rFire  + . .     SeeInvis .     a - +0 hand axe
rCold  . . .     Gourm    .     d - +0 chain mail
rNeg   . . .     Faith    .     (no shield)
rPois  .         Spirit   .     (no helmet)
rElec  .         Dismiss  .     (no cloak)
rCorr  .         Reflect  .     (no gloves)
SustAt .         Harm     .     (no boots)
MR     .....                    (no amulet)
Stlth  ..........               (no ring)
                                (no ring)

@: exhausted, very slightly contaminated, slowed, invisible, very slow, not
resistant to hostile enchantments, extremely unstealthy
A: thin metallic scales 1, fire resistance 1
a: Berserk, Burn Spellbooks, Renounce Religion


You were on level 3 of the Dungeon.
You worshipped Trog.
Trog was aware of your devotion.
You were not hungry.

You visited 1 branch of the dungeon, and saw 3 of its levels.

Inventory:

Hand Weapons
 a - a +0 hand axe (weapon)
Armour
 d - a +0 chain mail (worn)
Scrolls
 e - a scroll of recharging {unknown}
Potions
 f - a potion of curing {unknown}
 g - a potion of magic {unknown}
 h - a potion of mutation {unknown}
Comestibles
 c - a bread ration


   Skills:
 + Level 3.5 Fighting
 * Level 4.0 Axes
 + Level 2.5 Armour
 - Level 1.7 Dodging


You had 3 spell levels left.
You didn't know any spells.

Dungeon Overview and Level Annotations

Branches:
Dungeon (3/15)

Altars:


Innate Abilities, Weirdness & Mutations

You are partially covered in thin metallic scales (AC +2).
Your flesh is heat resistant.


Message History

You barely miss the worm. The gnoll hits you but does no damage.
The gnoll hits you with a spear!
* * * LOW HITPOINT WARNING * * *
The worm closely misses you.
Unknown command.
Unknown command.
Unknown command.
Drink which item? (? for menu, Esc to quit)
It was a potion of invisibility.
You fade into invisibility!
The gnoll hits you but does no damage. The worm bites you.
* * * LOW HITPOINT WARNING * * *
You are very lightly contaminated with residual magic.
Unknown command.
The gnoll hits you but does no damage.
Unknown command.
Unknown command.
Unknown command.
The gnoll hits you from afar with a spear!
You die...

.... ....... .......#
......# ......#
######...#+##
#$..........#
+>........@.+
#......)....#
#.....).).g.##
#.....).)w...#
#............#
##################.##
...##..........###..#
...##(..............##
...##................#
#


You could see a worm and a gnoll.

Vanquished Creatures
  An orc priest (D:3)
  An orc wizard (D:3)
  3 gnolls (D:3)
  A giant gecko (D:3)
  3 orcs (D:3)
  A giant cockroach (D:1)
  A quokka (D:3)
  2 rats (D:1)
13 creatures vanquished.

Notes
Turn   | Place    | Note
--------------------------------------------------------------
     0 | D:1      | 4thArraOfDagon the Demonspawn Berserker began the quest for the Orb.
     0 | D:1      | Reached XP level 1. HP: 18/18 MP: 1/1
    75 | D:1      | You fall through a shaft!
   148 | D:3      | Noticed an orc wizard
   149 | D:3      | Noticed an orc priest
   155 | D:3      | Gained mutation: You are partially covered in thin metallic scales (AC +2). [demonic ancestry]
   155 | D:3      | Reached XP level 2. HP: 24/24 MP: 2/2
   158 | D:3      | Reached XP level 3. HP: 29/29 MP: 3/3
   161 | D:3      | Gained mutation: Your flesh is heat resistant. [demonic ancestry]
   161 | D:3      | Reached XP level 4. HP: 35/35 MP: 4/4
   164 | D:3      | Reached skill level 4 in Axes
   169 | D:3      | HP: 1/35 [worm (3)]
   172 | D:3      | Mangled by a gnoll

Vault maps used:
D:1:      lemuel_arrival_funnel
D:2:      lemuel_doored_altar, mrwooster_statue_mirror
D:3:      first_bread, uniq_crazy_yiuf_cottage, uniq_terence

Action                   |  1- 3 |  4- 6 || total
-------------------------+-------+-------++-------
Melee: Hand axe          |    16 |     5 ||    21
Invok: Berserk           |     1 |       ||     1
  Use: Potion            |       |     1 ||     1
